 Dungeon Sprint DCSS version 0.28.0-43-g3370ac3207 (webtiles) character file.

Game seed: 6088104945618883011

703 boopmooplesden the Fighter (level 7, -5/78 HPs)
             Began as a Minotaur Berserker on Mar 8, 2022.
             Was an Elder of Trog.
             Slain by Menkaure (18 damage)
             ... in the Dungeon (Sprint II: "The Violet Keep of Menkaure").
             The game lasted 00:00:58 (617 turns).

boopmooplesden the Fighter (Minotaur Berserker)      Turns: 617, Time: 00:00:58

Health: -5/78      AC:  2    Str: 24    XL:     7   Next: 39%
Magic:  6/6        EV: 13    Int:  4    God:    Trog [****..]
Gold:   729        SH:  0    Dex:  9    Spells: 6/6 levels left

rFire   . . .      SeeInvis .   a - +0 spear
rCold   . . .      Faith    .   (no shield)
rNeg    . . .      Spirit   .   b - +0 animal skin
rPois   .          Reflect  .   (helmet restricted)
rElec   .          Harm     .   (no cloak)
rCorr   .          Rampage  .   (no gloves)
Will    .....      NoTele   +   (no boots)
Stlth   +.........              (no amulet)
HPRegen 0.23/turn               (no ring)
MPRegen 0.10/turn               (no ring)

@: very slow
A: horns 2, retaliatory headbutt
a: Renounce Religion, Berserk, Trog's Hand, Brothers in Arms


You were in the Dungeon.
You worshipped Trog.
Trog was greatly pleased with you.
You visited 1 branch You collected 729 gold pieces.

Inventory:

Hand Weapons
 a - a +0 spear (weapon)
Missiles
 c - 3 curare-tipped darts (quivered)
Armour
 b - a +0 animal skin (worn)
Scrolls
 h - a scroll of blinking
Potions
 d - a potion of heal wounds
 e - a potion of haste
 f - 2 potions of magic
 g - a potion of berserk rage


   Skills:
 + Level 12.5 Fighting
 + Level 12.4 Polearms
 + Level 6.4 Armour
 + Level 6.8 Dodging
 + Level 0.6 Stealth


You had 6 spell levels left.
You didn't know any spells.
Your spell library was empty.

Dungeon Overview and Level Annotations

Branches:
Dungeon (1/1)

Altars:

Shops:
D [*?![(!=?(=[!

Annotations:
D exclusions: ice statue and oklob plant, Menkaure


Innate Abilities, Weirdness & Mutations

You have a pair of horns on your head.
You reflexively headbutt those who attack you in melee.


Message History

Moving in this stuff is going to be slow.
Found 81 gold pieces.
Found four shops.
Found Axkiall's Antique Weapon Shoppe.
You open the door.
Menkaure, Prince of Dust comes into view.
Found Faleqixudy's General Store and Ighijyof's Antique Armour Emporium.
The wyvern hisses angrily. x2
Marking area around an oklob plant as unsafe for travelling.
There is an open door here.
You enter the shallow water.
Moving in this stuff is going to be slow.
Menkaure shouts!
There is an open door here.
You enter the shallow water.
Moving in this stuff is going to be slow.
The walls and floor vibrate strangely for a moment.
Menkaure splashes around in the water.
You hit Menkaure.
Menkaure is lightly damaged.
Menkaure hits you!
You puncture Menkaure!
Menkaure is heavily damaged.
Your unstable footing causes you to fumble your attack.
Your unstable footing causes you to fumble your attack.
Menkaure whispers a few words.
Menkaure gestures at you while chanting.
You struggle to resist.
You puncture Menkaure!
Menkaure is almost destroyed.
Your unstable footing causes you to fumble your attack.
Menkaure hits you!
Your unstable footing causes you to fumble your attack.
Your unstable footing causes you to fumble your attack.
Your unstable footing causes you to fumble your attack.
Menkaure hits you!
* * * LOW HITPOINT WARNING * * *
Your unstable footing causes you to fumble your attack.
Your unstable footing causes you to fumble your attack.
Menkaure hits you!!
You die...

∩.∩....#≈≈≈≈.##+##
.∩.∩...#≈≈≈M##...##
..∩.∩..#≈≈≈ #..#..#
...∩.⌠.#≈≈# ##.#.####
..∩.∩..#≈##. ##'###.##
.∩.∩...#≈#..B##.##...#
∩......'≈+ #+.<.'##.+
.∩.....#M#$.B##.##.###
▓▓▓▓▓###@##. #'# #.#
ll######≈≈#####.#####
.l ##≈≈≈#..#..# P
#'#≈##.#.## ≈
#.#≈≈##'##≈§≈§
####≈≈≈≈≈≈≈≈≈§§
#+++#+++#≈≈§ ○≈≈≈
°≈≈≈≈≈


You could see a wyvern and Menkaure.

Vanquished Creatures
  A vampire mosquito (D)
  4 necrophages (D)
  4 scorpions (D)
  3 worms (D)
12 creatures vanquished.

Vanquished Creatures (others)
  A water moccasin (D)
1 creature vanquished.

Grand Total: 13 creatures vanquished

Notes
Turn   | Place    | Note
-------+----------+-------------------------------------------
     0 | D        | boopmooplesden the Minotaur Berserker began the quest for
                  | the Orb.
     0 | D        | Reached XP level 1. HP: 19/19 MP: 0/0
    10 | D        | Reached ** piety under Trog
    11 | D        | Reached XP level 2. HP: 28/28 MP: 1/1
    58 | D        | Noticed a necrophage
    58 | D        | Noticed a necrophage
    58 | D        | Noticed a necrophage
    58 | D        | Noticed a necrophage
    66 | D        | Killed a necrophage
    67 | D        | Reached XP level 3. HP: 39/39 MP: 2/2
    67 | D        | Reached XP level 4. HP: 47/47 MP: 3/3
    70 | D        | Killed a necrophage
    71 | D        | Reached XP level 5. HP: 57/57 MP: 4/4
    77 | D        | Killed a necrophage
    78 | D        | Reached skill level 10 in Fighting
    78 | D        | Reached skill level 10 in Polearms
    78 | D        | Reached skill level 5 in Armour
    78 | D        | Reached skill level 5 in Dodging
    78 | D        | Reached XP level 6. HP: 66/66 MP: 5/5
    86 | D        | Reached *** piety under Trog
   227 | D        | Killed a water moccasin
   276 | D        | Reached XP level 7. HP: 42/75 MP: 6/6
   285 | D        | Reached **** piety under Trog
   551 | D        | Noticed a boulder beetle
   551 | D        | Noticed a boulder beetle
   558 | D        | Noticed an ice statue
   564 | D        | Found Titysmou's Distillery.
   565 | D        | Found Plog's Jewellery Emporium.
   565 | D        | Found Natziasch's Antique Weapon Shoppe.
   566 | D        | Found Romeukh's Jewellery Shoppe.
   566 | D        | Found Borofah's Antique Armour Shoppe.
   566 | D        | Found Uhoomimm's Distillery.
   568 | D        | Noticed a vampire mosquito
   584 | D        | Killed a vampire mosquito
   591 | D        | Found Toataqipn's Antique Armour Emporium.
   591 | D        | Found Piqexent's Distillery.
   591 | D        | Found Ruar's Magic Scroll Emporium.
   591 | D        | Found Rydeorphu's Magic Scroll Shoppe.
   592 | D        | Found Axkiall's Antique Weapon Shoppe.
   594 | D        | Found Faleqixudy's General Store.
   594 | D        | Found Ighijyof's Antique Armour Emporium.
   594 | D        | Noticed Menkaure
   594 | D        | Noticed a wyvern
   594 | D        | Noticed a wyvern
   594 | D        | Noticed a wyvern
   594 | D        | Noticed an oklob plant
   617 | D        | Slain by Menkaure

Illustrated notes

Levels and vault maps discovered:
D:        the_violet_keep_of_menkaure [sprint2_stairs_cluster_1,
          sprint2_shoproom, sprint2_temple, sprint2_basic_supplies,
          sprint2_obstacle_2, sprint2_obstacle_7, sprint2_obstacle_5,
          sprint2_obstacle_6, sprint2_obstacle_4, sprint2_timed_cluster_1,
          sprint2_smallroom_cluster_1, sprint2_smallroom_final_cluster_1,
          sprint2_transparent_cluster_1, sprint2_second_timed_cluster_1,
          sprint2_sniper_area_1, sprint2_heavy_combat_area_1,
          sprint2_mutation_trap_area_1, sprint2_forest_area_1,
          sprint2_light_combat_area_1, sprint2_behind_water_1,
          sprint2_near_end_vault_1]

Skill      XL: |  1  2  3  4  5  6  7 |
---------------+----------------------+-----
Fighting       | 4 7 9 10 11 12 | 12.5
Polearms       | 4 7 9 10 11 12 | 12.4
Armour         | 4 5 6 |  6.4
Dodging        | 3 4 5 6 |  6.8
Stealth        | |  0.6

Action                   |  1- 3 |  4- 6 |  7- 9 || total
-------------------------+-------+-------+-------++-------
Melee: Spear             |    12 |    31 |    37 ||    80
       Headbutt          |     4 |     6 |     1 ||    11
Invok: Berserk           |     2 |       |       ||     2
  Use: Potion            |       |       |     1 ||     1
Armor: Animal skin       |       |     3 |     1 ||     4
Dodge: Dodged            |     2 |     6 |    10 ||    18
